Map: Incorporeal LE

Players

ManlyManMeat - Winner!

  • Race: Protoss Protoss
  • Spawn Location: 5:00

ALPHA

  • Race: Zerg Zerg
  • League: Master
  • Spawn Location: 11:00

VOD

Have the link to the VOD?

Description

Time

  • Played on: May 14, 2025, 7:45 a.m.
  • Length: 4:40
Show
View Real Time Build Order
Export as new Build Order

ManlyManMeat Protoss - Winner!

Build Orders: Double Forge 

Get SALT Encoding   

  12  0:01  Probe  
  13  0:13  Probe  
  14  0:19  Pylon  
  14  0:21  Probe  
  15  0:33  Probe  
  15  0:39  Gateway  
  16  0:49  Assimilator  
  16  0:57  Forge  
  16  1:02  Probe  
  17  1:12  Gateway  
  17  1:14  Probe  
  18  1:27  Zealot  
  18  1:32  Probe  
  21  1:33  Assimilator  
  21  1:39  Protoss Ground Weapons Level 1  
  21  1:45  Probe  
  22  1:57  Probe  
  23  2:06  Pylon  
  23  2:13  Forge  
  23  2:24  Probe  
  23  2:28  Pylon, Zealot  
  26  2:35  Zealot  
  28  2:55  Zealot  
  30  3:03  Zealot  
  32  3:10  Pylon  
  32  3:22  Gateway, Zealot  
  34  3:41  Zealot  
  36  3:49  Zealot  
  38  4:05  Gateway  
  38  4:08  Zealot  
Show
View Real Time Build Order
Export as new Build Order

ALPHA Zerg 

Build Orders: Hatch First 

Get SALT Encoding   

  12  0:03  Drone  
  13  0:13  Overlord  
  13  0:21  Drone  
  14  0:33  Drone x2  
  16  0:43  Drone  
  17  0:52  Hatchery  
  16  0:57  Drone  
  16  1:00  Drone  
  18  1:11  Extractor  
  18  1:17  Spawning Pool  
  16  1:20  Drone  
  17  1:30  Drone x2  
  19  1:43  Drone  
  20  1:55  Overlord  
  20  2:08  Drone x2  
  22  2:09  Queen x2  
  22  2:13  Overlord  
  26  2:22  Drone  
  27  2:30  Drone  
  27  2:31  Drone  
  29  2:38  Zergling x4  
  31  2:45  Drone  
  31  2:49  Drone  
  33  2:57  Drone  
  34  3:01  Drone  
  35  3:07  Drone  
  35  3:10  Drone  
  37  3:18  Drone x4  
  41  3:20  Overlord  
  41  3:22  Overlord  
  41  3:25  Drone  
  41  3:26  Drone  
  43  3:30  Extractor x2  
  43  3:33  Drone x2  
  43  3:42  Drone  
  44  3:53  Drone  
  44  3:54  Drone  
  44  3:55  Drone  
  47  4:04  Evolution Chamber, Roach Warren  
  47  4:07  Zergling x2  
  47  4:08  Zergling x10  
  47  4:21  Zergling x4  
Tags
 
Add a new tag
Caveats
  • Supply blocks, unpowered buildings, or Contaminate may cause inaccurate times.
  • Supply counts are checked every 10 seconds.